 Dungeon Crawl Stone Soup version 0.22-a0-580-gd5db89c (webtiles) character file.

1505 sking99 the Grappler (level 8, 0/83 HPs)
             Began as a Troll Monk on July 3, 2018.
             Was a Believer of the Shining One.
             Slain by a two-headed ogre
             ... wielding a +0 giant club
              (26 damage)
             ... on level 8 of the Dungeon.
             The game lasted 00:08:07 (5106 turns).

sking99 the Grappler (Troll Monk)                   Turns: 5106, Time: 00:08:08

Health: 0/83       AC:  6    Str: 20    XL:     8   Next: 52%
Magic:  7/7        EV: 10    Int:  6    God:    the Shining One [**....]
Gold:   555        SH:  0    Dex: 14    Spells: 7/7 levels left

rFire    . . .     SeeInvis .     - Unarmed
rCold    . . .     Gourm    +   (no shield)
rNeg     + . .     Faith    .   a - +1 robe
rPois    .         Spirit   .   (helmet restricted)
rElec    .         Reflect  .   (no cloak)
rCorr    .         Harm     .   (gloves unavailable)
MR       .....                  (boots unavailable)
Stlth    +.........             p - amulet of the acrobat (curse)
HPRegen  0.63/turn              l - ring of stealth
MPRegen  0.10/turn              (no ring)

@: glowing
A: large, unfitting armour, claws 3, fast metabolism 3, gourmand, regeneration
1, shaggy fur 1, tough skin 2
a: Divine Shield, Renounce Religion


You were on level 8 of the Dungeon.
You worshipped the Shining One.
The Shining One was pleased with you.
You were hungry.

You visited 2 branches of the dungeon, and saw 9 of its levels.
You also visited: Ossuary.

You collected 555 gold pieces.

Inventory:

Armour
 a - a +1 robe (worn)
Jewellery
 l - a ring of stealth (left claw)
 p - a cursed amulet of the acrobat (around neck)
 q - an uncursed amulet of magic regeneration
 r - an uncursed ring of protection from magic {unknown}
 s - an uncursed amulet of faith {unknown}
Scrolls
 g - 3 scrolls of enchant armour
 h - 2 scrolls of teleportation
 k - 8 scrolls of remove curse
 o - 2 scrolls of blinking
 t - a scroll of noise {unknown}
 u - a scroll of immolation
Potions
 c - 5 potions of heal wounds
 e - 4 potions of flight
 f - a potion of brilliance
 i - 8 potions of curing
 j - 2 potions of lignification
 m - 2 potions of resistance
 n - 3 potions of invisibility
Comestibles
 b - 12 rations


   Skills:
 + Level 5.6 Fighting
 - Level 2.4 Dodging
 - Level 1.0 Stealth
 * Level 9.3 Unarmed Combat


You had 7 spell levels left.
You didn't know any spells.
Your spell library contained the following spells:

 Spells                   Type           Power        Failure   Level  Hunger
 Confuse                  Hex            #.......     83%         3    ####...
 Confusing Touch          Hex            #.....       45%         1    ##.....
 Metabolic Englaciation   Hex/Ice        #.........   100%        5    ######.
 Petrify                  Tmut/Erth      #.......     99%         4    #####..
 Gell's Gravitas          Tloc           #.........   83%         3    ####...
 Yara's Violent Unravell  Hex/Tmut       #.........   100%        5    ######.


Dungeon Overview and Level Annotations

Branches:
Dungeon (8/15)             Temple (1/1) D:7
   Lair: D:8-11

Altars:
Ashenzari
Cheibriados
Dithmenos
Fedhas
Gozag
Hepliaklqana
Kikubaaqudgha
Makhleb
Nemelex Xobeh
Okawaru
Qazlal
Ru
Sif Muna
Trog
Uskayaw
Vehumet
Wu Jian
Xom
Yredelemnul
Zin
The Shining One

Annotations:
D:4 2 transporters
D:7 3 runed doors, Amnesiac's ghost, novice SpWn


Innate Abilities, Weirdness & Mutations

You are too large for most types of armour.
You have claws for hands.
Your metabolism is lightning-fast.
You like to eat raw meat.
Your natural rate of healing is unusually fast.
You are covered in fur. (AC +1)
You have very tough skin. (AC +2)


Message History

You mangle the phantom!!
The phantom is almost destroyed.
The phantom closely misses you.
You barely miss the phantom.
The phantom is almost destroyed.
The phantom hits you!
You closely miss the phantom.
The phantom is almost destroyed.
The phantom barely misses you.
The two-headed ogre hits you with a giant club!!
The two-headed ogre closely misses you.
There is a stone staircase leading up here.
You scratch the phantom.
The phantom is almost destroyed.
The two-headed ogre closely misses you.
The two-headed ogre hits you with a giant club!
The phantom blinks!
You barely miss the two-headed ogre.
The two-headed ogre hits you with a giant club!!
You die...

#+# #.# #.#
##.##
##...##
#...).#####
#........#
#.###@##.#
#....§O.#
#####.##.#
#.# .# #W.
.. #.# ##
#.# #.# #.#


You could see a two-headed ogre and a phantom.

Vanquished Creatures
  A sky beast (D:6)
  A phantom (D:5)
  An ogre (D:7)
  A centaur (D:7)
  2 elf zombies (Ossuary)
  2 bullfrogs (D:6)
  2 scorpions
  A crimson imp (D:5)
  A centaur zombie (D:5)
  A human zombie (Ossuary)
  A quasit (D:7)
  5 orc wizards
  A bullfrog skeleton (D:5)
  3 orc priests
  An iguana (D:5)
  2 worker ants
  A killer bee zombie (D:5)
  A hound zombie (Ossuary)
  3 hound skeletons
  4 mummies (Ossuary)
  A worker ant zombie (D:7)
  6 adders
  2 shadow imps (D:7)
  2 oozes
  2 adder zombies (Ossuary)
  2 worms
  4 leopard geckos
  16 orcs
  5 bats
  2 giant cockroaches
  8 hobgoblins
  17 jackals
  3 kobolds
  3 quokkas
  3 ball pythons
  4 frilled lizards
  A gnoll zombie (Ossuary)
  7 goblins
  2 hobgoblin zombies (Ossuary)
  2 jackal zombies (Ossuary)
  A quokka skeleton (D:4)
  4 rats
  A rat zombie (Ossuary)
133 creatures vanquished.

Notes
Turn   | Place    | Note
-------+----------+-------------------------------------------
     0 | D:1      | sking99 the Troll Monk began the quest for the Orb.
     0 | D:1      | Reached XP level 1. HP: 22/22 MP: 0/0
   214 | D:1      | Reached XP level 2. HP: 23/29 MP: 1/1
   583 | D:1      | Reached XP level 3. HP: 28/36 MP: 2/2
  1237 | D:3      | Reached skill level 4 in Unarmed Combat
  1281 | D:3      | Reached XP level 4. HP: 31/45 MP: 3/3
  1363 | D:3      | Reached skill level 5 in Unarmed Combat
  1363 | D:3      | Reached XP level 5. HP: 33/53 MP: 4/4
  1884 | D:4      | Reached XP level 6. HP: 53/62 MP: 5/5
  2130 | D:4      | Found a transporter.
  2157 | D:4      | Reached skill level 6 in Unarmed Combat
  2217 | D:4      | Found a transporter.
  2353 | D:5      | Entered Level 5 of the Dungeon
  2704 | D:5      | Reached XP level 7. HP: 54/70 MP: 6/6
  2912 | D:5      | Reached skill level 7 in Unarmed Combat
  3558 | D:6      | Reached skill level 8 in Unarmed Combat
  3684 | D:7      | Reached skill level 5 in Fighting
  3684 | D:7      | Reached XP level 8. HP: 80/80 MP: 7/7
  3753 | D:7      | Found a runed gate.
  3754 | D:7      | Found a runed gate.
  3891 | D:7      | Found a sand-covered staircase.
  3899 | Ossuary  | Entered an ossuary
  3930 | Ossuary  | Reached skill level 9 in Unarmed Combat
  4337 | D:7      | Noticed Amnesiac's ghost (novice SpWn)
  4460 | D:7      | Found a runed gate.
  4549 | D:7      | Found a staircase to the Ecumenical Temple.
  4559 | Temple   | Entered the Ecumenical Temple
  5013 | Temple   | Became a worshipper of the Shining One
  5013 | Temple   | Reached * piety under the Shining One
  5013 | Temple   | Reached ** piety under the Shining One
  5096 | D:8      | Noticed a two-headed ogre
  5106 | D:8      | Slain by a two-headed ogre

Vault maps used:
D:1:      nicolae_arrival_memento_mori, minmay_small_reverse_x
D:2:      minmay_misc_feat_pillars
D:3:      first_ration
D:4:      gammafunk_wand_slinger
D:7:      minmay_temple_entry_poolview, gammafunk_ghost_icy,
          nicolae_ossuary_entry_monument
D:8:      elyvilon_altar_4, uniq_maurice
Temple:   regret_index_temple_sigil_plot
Ossuary:  ossuary_minmay_tomb_2a

Skill      XL: |  1  2  3  4  5  6  7  8 |
---------------+-------------------------+-----
Unarmed Combat | 4 5 6 8 9 |  9.3
Fighting       | 3 4 5 |  5.6
Dodging        | |  2.4
Stealth        | |  1.0

Action                   |  1- 3 |  4- 6 |  7- 9 || total
-------------------------+-------+-------+-------++-------
Melee: Unarmed           |    64 |   148 |   184 ||   396
       Punch             |       |       |     6 ||     6
  Use: Scroll            |       |     9 |     5 ||    14
       Potion            |       |       |     2 ||     2
 Stab: Sleeping          |     2 |     4 |     8 ||    14
  Eat: Chunk             |    17 |    11 |    15 ||    43
Armor: Robe              |    17 |    48 |   122 ||   187
Dodge: Dodged            |    35 |    80 |   186 ||   301

Table legend:
 A = Spawn XP
 B = Non-spawn XP
 C = Spawn XP percentage of total XP
 D = Spawn monster count
 E = Non-spawn monster count
 F = Spawn count percentage of total count
 G = Total turns spent on level
                    A         B        C        D         E        F      G
               +---------+---------+-------+---------+---------+-------+---------
         Total |       0 |    2151 |   0.0 |       0 |     133 |   0.0 |  5106
               +---------+---------+-------+---------+---------+-------+---------
           D:1 |       0 |      43 |   0.0 |       0 |      22 |   0.0 |   712
           D:2 |       0 |       8 |   0.0 |       0 |       4 |   0.0 |   473
           D:3 |       0 |     213 |   0.0 |       0 |      25 |   0.0 |   541
           D:4 |       0 |     244 |   0.0 |       0 |      22 |   0.0 |   752
           D:5 |       0 |     422 |   0.0 |       0 |      12 |   0.0 |   663
           D:6 |       0 |     389 |   0.0 |       0 |      15 |   0.0 |   498
           D:7 |       0 |     475 |   0.0 |       0 |      17 |   0.0 |   857
       Ossuary |       0 |     357 |   0.0 |       0 |      16 |   0.0 |   295
               +---------+---------+-------+---------+---------+-------+---------
